 Dungeon Crawl Stone Soup version 0.19.0-22-gd96e5fe (webtiles) character file.

50 Gargo the Digger (level 3, 0/19 HPs)
             Began as a Gargoyle Earth Elementalist on Nov 20, 2016.
             Killed by divine providence
             ... invoked by an orc priest
              (13 damage)
             ... on level 2 of the Dungeon.
             The game lasted 00:06:49 (1170 turns).

Gargo the Digger (Gargoyle Earth Elementalist)      Turns: 1170, Time: 00:06:50

Health: 0/19       AC:  5    Str: 11    XL:     3   Next: 79%
Magic:  0/7        EV: 12    Int: 16    God:
Gold:   95         SH:  0    Dex: 13    Spells: 2 memorised, 4 levels left

rFire  . . .     SeeInvis .     b - 17 stones
rCold  . . .     Gourm    .     c - +0 robe
rNeg   + . .     Faith    .     (no shield)
rPois  ∞         Spirit   .     (no helmet)
rElec  +         Reflect  .     (no cloak)
rCorr  .         Harm     .     (no gloves)
MR     .....     Rnd*Tele +     (no boots)
Stlth  ++........               (no amulet)
                                p - ring of teleportation (curse)
                                m - +3 ring of dexterity

@: very slightly contaminated
A: negative energy resistance 1, electricity resistance, unbreathing,
petrification resistance, rot immunity, AC +3
a: no special abilities


You were on level 2 of the Dungeon.
You were not hungry.

You visited 1 branch of the dungeon, and saw 3 of its levels.

You collected 95 gold pieces.

Inventory:

Hand Weapons
 a - a +0 whip
 k - a +0 dagger
 l - a +0 club
Missiles
 b - 17 stones (in hand)
Armour
 c - a +0 robe (worn)
Jewellery
 m - a +3 ring of dexterity (left hand)
 p - a cursed ring of teleportation (right hand)
Scrolls
 o - a scroll of teleportation
Potions
 h - a potion of brilliance
 i - a potion of lignification {unknown}
 q - a potion of haste {unknown}
Books
 e - a book of Geomancy

   Spells                             Type                      Level
   a - Sandblast                      Earth                        1
   b - Passwall                       Transmutation/Earth          2
   c - Stone Arrow                    Conjuration/Earth            3
   d - Petrify                        Transmutation/Earth          4
   e - Lee's Rapid Deconstruction     Earth                        5
Comestibles
 d - a bread ration
 f - a meat ration
 g - a beef jerky
 j - 2 chunks of flesh
 n - a slice of pizza


   Skills:
 - Level 1.5 Dodging
 - Level 2.1 Stealth
 * Level 3.1 Spellcasting
 + Level 0.2 Conjurations
   Level 0.7 Transmutations
 + Level 4.4 Earth Magic


You had 4 spell levels left.
You knew the following spells:

 Your Spells              Type           Power        Failure   Level  Hunger
a - Sandblast             Erth           ###...       3%          1    None
A - Stone Arrow           Conj/Erth      #.....       21%         3    ###....


Dungeon Overview and Level Annotations

Branches:
Dungeon (3/15)

Altars:
Cheibriados
Dithmenos
Sif Muna


Innate Abilities, Weirdness & Mutations

You are resistant to torment.
Your stone body is resilient. (AC +3)
You are immune to poison.
You resist negative energy. (rN+)
You are resistant to electric shocks. (rElec)
You can survive without breathing.
You are immune to petrification.
You are immune to rotting.


Message History

The orc priest hits you.
Casting: Sandblast
Confirm with . or Enter, or press ? or * to list all spells.
You don't have enough magic to cast that spell.
Unknown command.
There is a stone staircase leading down here.
There is a stone staircase leading up here.
The orc priest hits you but does no damage.
You climb upwards.
There is a stone staircase leading down here.
Casting: Sandblast
Confirm with . or Enter, or press ? or * to list all spells.
Aiming: Sandblast
Press: ? - help, Shift-Dir - straight line, f - orc priest
Aim: an orc priest The rocky blast misses the orc priest.
The orc priest invokes the aid of Beogh against you.
Beogh smites you!
Ouch! That really hurt!
You die...

.................,,,,,,,,,,,,,,*#
...........).###*****,,*********#
#########......#******,,,* #
#....#....,,,,,*,* ###
#....#####******,* #..
###.##..,,,,,,,*,* ##..
#.##.####***,*,** #... #.##..o.#
**,*,,* #... #...#.@.#
*,,##,####... ###.....#
*,*#.,#.##### ##....#
*,##.##.##...
#....#**,#.....$..**
*#.....#*,#......#**
*..######.#......# *#
*#...,,,..........###.
**.###****##.........>.
*..*,,,,,...##..###....


You could see an orc priest.

Vanquished Creatures
  A hound skeleton (D:3)
  An orc (D:3)
  2 giant cockroaches (D:1)
  2 goblins
  4 hobgoblins
  4 jackals
  8 kobolds
  3 bats
  3 frilled lizards
  6 rats
34 creatures vanquished.

Notes
Turn   | Place    | Note
-------+----------+-------------------------------------------
     0 | D:1      | Gargo the Gargoyle Earth Elementalist began the quest for the Orb.
     0 | D:1      | Reached XP level 1. HP: 10/10 MP: 3/3
   182 | D:1      | Reached skill level 4 in Earth Magic
   182 | D:1      | Reached XP level 2. HP: 15/15 MP: 0/5
   393 | D:2      | Found a deep blue altar of Sif Muna.
   393 | D:2      | Found a snail-covered altar of Cheibriados.
   393 | D:2      | Found a shadowy altar of Dithmenos.
   764 | D:3      | Reached XP level 3. HP: 19/19 MP: 2/7
   769 | D:3      | Learned a level 3 spell: Stone Arrow
  1170 | D:2      | Killed from afar by an orc priest

Skill      XL: |  1  2  3 |
---------------+----------+-----
Earth Magic    | 4 |  4.4
Spellcasting   | 3 |  3.1
Dodging        | |  1.5
Stealth        | |  2.1
Conjurations   | |  0.2
Transmutations | |  0.7

Action                   || total
-------------------------++-------
Melee: Unarmed           ||    35
       Club              ||    11
       Dagger            ||     5
 Cast: Sandblast         ||    61
  Use: Scroll            ||     3
 Stab: Sleeping          ||     2
  Eat: Chunk             ||     1
Armor: Robe              ||    25
Dodge: Dodged            ||    43
